 Dungeon Sprint DCSS version 0.21.1-1-g345015f (webtiles) character file.

167 Fang the Cleaver (level 5, -4/56 HPs)
             Began as a Minotaur Berserker on Apr 23, 2018.
             Was a Priest of Trog.
             Slain by a hellwing (12 damage)
             ... summoned by a kobold demonologist
             ... in the Dungeon (Sprint III: "The Ten Rune Challenge").
             The game lasted 00:01:08 (306 turns).

Fang the Cleaver (Minotaur Berserker)                Turns: 306, Time: 00:01:08

Health: -4/56      AC:  2    Str: 23    XL:     5   Next: 23%
Magic:  4/4        EV: 13    Int:  4    God:    Trog [***...]
Gold:   0          SH:  0    Dex:  9    Spells: 4/4 levels left

rFire    . . .     SeeInvis .   a - +0 hand axe
rCold    . . .     Gourm    .   (no shield)
rNeg     . . .     Faith    .   b - +0 animal skin
rPois    .         Spirit   .   (helmet restricted)
rElec    .         Reflect  .   (no cloak)
rCorr    .         Harm     .   (no gloves)
MR       .....     NoTele   +   (no boots)
Stlth    +.........             (no amulet)
HPRegen  0.18/turn              (no ring)
MPRegen  0.09/turn              (no ring)

@: no status effects
A: retaliatory headbutt, horns 2
a: Berserk, Trog's Hand, Burn Spellbooks, Renounce Religion


You were in the Dungeon.
You worshipped Trog.
Trog was most pleased with you.
You were not hungry.

You visited 1 branch

Inventory:

Hand Weapons
 a - a +0 hand axe (weapon)
Armour
 b - a +0 animal skin (worn)
Scrolls
 i - a scroll of blinking
Potions
 d - 2 potions of curing
 e - a potion of heal wounds
 f - a potion of haste
 g - 2 potions of magic
 h - a potion of berserk rage
Comestibles
 c - 2 rations
 j - 4 chunks of flesh


   Skills:
 + Level 8.4 Fighting
 + Level 9.1 Axes
 + Level 4.7 Armour
 + Level 4.4 Dodging


You had 4 spell levels left.
You didn't know any spells.

Dungeon Overview and Level Annotations

Branches:
Dungeon (1/1)

Altars:
Kikubaaqudgha
Sif Muna
Vehumet


Innate Abilities, Weirdness & Mutations

You reflexively headbutt those who attack you in melee.
You have a pair of horns on your head.


Message History

You slash something! You miss something. Something hits you.
The kobold demonologist moves out of view.
Unknown command.
You closely miss something. Something hits you but does no damage.
The hellwing swoops through the air toward you!
The hellwing hits you! The hellwing hits you.
Unknown command.
You miss something. Your headbutt misses something.
You barely miss the hellwing. Something hits you. The hellwing hits you!
The hellwing barely misses you.
Unknown command.
You closely miss something. Your headbutt misses something.
You hit the hellwing but do no damage.
You hear some strange, mumbled words.
A stone arrow appears from out of thin air!
The stone arrow hits you!
* * * LOW HITPOINT WARNING * * *
The hellwing hits you!
You die...

# +...♣♣♣♣ ♣.# # #......♣
♣.# ####.....♣♣ ♣.#
...#....≈♣♣♣♣♣.###+#+###+##
...#...≈≈♣♣..♣.#..........#
...#..≈≈≈≈.....'.⌠........#
##'#..≈≈≈≈≈≈♣♣.#...######+#
.).#.≈≈≈≈≈≈....#4⌠.#
...#.≈≈≈≈≈.....#@..#
...#.≈≈≈.......#{###
####...........#K:
...............#___
▓▓▓▓▓▓▓▓▓▓▓▓▓▓▓▓▓▓▓▓


You could see a hellwing and a kobold demonologist.

Vanquished Creatures
  A water elemental (D)
  A scorpion (D)
  Jessica (D)
  A human (D)
  An ooze (D)
  2 rats (D)
7 creatures vanquished.

Vanquished Creatures (others)
  2 draconian scorchers (D)
  A yaktaur (D)
  6 hellions (D)
  3 plants (D)
12 creatures vanquished.

Grand Total: 19 creatures vanquished

Notes
Turn   | Place    | Note
-------+----------+-------------------------------------------
     0 | D        | Fang the Minotaur Berserker began the quest for the Orb.
     0 | D        | Reached XP level 1. HP: 19/19 MP: 0/0
     7 | D        | Reached skill level 4 in Axes
    33 | D        | Noticed Jessica
    34 | D        | Reached ** piety under Trog
    40 | D        | Killed Jessica
    40 | D        | Reached skill level 5 in Fighting
    40 | D        | Reached skill level 6 in Axes
    40 | D        | Reached XP level 2. HP: 24/30 MP: 1/1
    40 | D        | Reached XP level 3. HP: 29/37 MP: 2/2
    52 | D        | Killed a yaktaur
    80 | D        | Killed a hellion
    82 | D        | Killed a hellion
    83 | D        | Killed a hellion
   106 | D        | Killed a hellion
   114 | D        | Killed a hellion
   116 | D        | Killed a hellion
   154 | D        | Killed a white draconian scorcher
   169 | D        | Killed a white draconian scorcher
   225 | D        | Noticed a scorpion
   232 | D        | Killed a scorpion
   232 | D        | Reached *** piety under Trog
   232 | D        | Reached skill level 7 in Axes
   232 | D        | Reached XP level 4. HP: 47/47 MP: 3/3
   259 | D        | Noticed a water elemental
   265 | D        | Killed a water elemental
   265 | D        | Reached skill level 9 in Axes
   265 | D        | Reached XP level 5. HP: 56/56 MP: 4/4
   301 | D        | Found a radiant altar of Vehumet.
   301 | D        | Found a deep blue altar of Sif Muna.
   301 | D        | Found an ancient bone altar of Kikubaaqudgha.
   302 | D        | Noticed a hellwing
   306 | D        | Slain by a hellwing

Skill      XL: |  1  2  3  4 |
---------------+-------------+-----
Fighting       | 5 7 8 |  8.4
Axes           | 6 7 9 |  9.1
Armour         | 3 4 |  4.7
Dodging        | 3 4 |  4.4

Action                   |  1- 3 |  4- 6 || total
-------------------------+-------+-------++-------
Melee: Hand axe          |    18 |    10 ||    28
       Headbutt          |     4 |       ||     4
Invok: Berserk           |       |     1 ||     1
Armor: Animal skin       |     1 |       ||     1
Dodge: Dodged            |    12 |     2 ||    14
